 Dungeon Crawl Stone Soup version 0.28-a0-1241-gf280a0fbb2 (webtiles) character file.

Game seed: 16661706249365828637

70858 vejb the Unseen (level 14, -7/73 HPs)
             Began as a Spriggan Enchanter on Dec 26, 2021.
             Was a High Priest of Dithmenos.
             Mangled by a catoblepas (26 damage)
             ... on level 6 of the Lair of Beasts.
             The game lasted 01:06:54 (27986 turns).

vejb the Unseen (Spriggan Enchanter)               Turns: 27986, Time: 01:06:55

Health: -7/73      AC:  9    Str: 14    XL:     14   Next: 95%
Magic:  17/34      EV: 26    Int: 16    God:    Dithmenos [*****.]
Gold:   1739       SH:  5    Dex: 17    Spells: 35/43 levels left

rFire   + . .      SeeInvis +   q - +7 dagger (venom)
rCold   + . .      Faith    .   (shield restricted)
rNeg    . . .      Spirit   .   c - +2 robe {rC+ rF+}
rPois   .          Reflect  +   (helmet restricted)
rElec   .          Harm     .   E - +2 cloak
rCorr   .          Rampage  .   (gloves unavailable)
Will    ++...      Clarity  +   (boots unavailable) Stlth **++++++++
                                z - amulet of reflection
HPRegen 0.22/turn               t - +6 ring of strength
MPRegen 0.24/turn               D - +4 ring of slaying

@: marked, wreathed by umbra, very quick
A: very small, no large weapons, unfitting armour, see invisible, speed 3,
iridescent scales 1, clarity, MP-powered wands
a: Renounce Religion, Shadow Step, Shadow Form


You were on level 6 of the Lair of Beasts.
You worshipped Dithmenos.
Dithmenos was extremely pleased with you.
You visited 3 branches of the dungeon, and saw 19 of its levels.
You also visited: Gauntlet.

You collected 1919 gold pieces.
You spent 180 gold pieces at shops.

Inventory:

Hand Weapons
 a - a +2 dagger
 k - a +1 dagger of holy wrath
 q - a +7 dagger of venom (weapon)
 u - a +0 rapier
Missiles
 h - 91 poisoned darts (quivered)
 i - 2 atropa-tipped darts
 s - 7 throwing nets
Armour
 c - a +2 robe of resistance (worn)
 w - quicksilver dragon scales
 E - a +2 cloak (worn)
Jewellery
 p - an amulet of the acrobat
 t - a +6 ring of strength (left hand)
 x - a ring of ice
 z - an amulet of reflection (around neck)
 C - a ring of ice
 D - a +4 ring of slaying (right hand)
 F - a ring of wizardry
 G - a ring of protection from cold
 J - a ring of wizardry
Wands
 v - a wand of iceblast (11)
 y - a wand of flame (18)
 I - a wand of digging (3)
Scrolls
 b - 2 scrolls of amnesia
 g - 4 scrolls of teleportation
 n - 2 scrolls of enchant armour
 o - 8 scrolls of identify
 H - 2 scrolls of fear
 K - 2 scrolls of blinking
 O - a scroll of magic mapping
Potions
 d - a potion of lignification
 e - a potion of magic
 f - 4 potions of brilliance
 j - 3 potions of curing
 l - 3 potions of heal wounds
 m - 4 potions of attraction
 r - 3 potions of cancellation
 A - 2 potions of flight
 B - a potion of might
 L - 2 potions of ambrosia
 M - 3 potions of invisibility
 N - a potion of mutation
 P - a potion of haste


   Skills:
 + Level 8.1 Fighting
 + Level 10.7 Short Blades
 + Level 12.9 Dodging
 + Level 18.6 Stealth
 + Level 15.0 Spellcasting
 + Level 15.2 Hexes


You had 35 spell levels left.
You knew the following spells:

 Your Spells              Type           Power      Damage    Failure   Level
a - Ensorcelled Hibernat  Hex/Ice        72%        N/A       1%          2
b - Tukima's Dance        Hex            57%        N/A       1%          3
c - Dazzling Flash        Conj/Hex       72%        N/A       1%          3

Your spell library contained the following spells:

 Spells                   Type           Power      Damage    Failure   Level
 Confusing Touch          Hex            57%        N/A       1%          3
 Leda's Liquefaction      Hex/Erth       18%        N/A       2%          4
 Apportation              Tloc           24%        N/A       5%          1
 Freeze                   Ice            48%        1d7       5%          1
 Sandblast                Erth           24%        2d8       5%          1
 Sting                    Tmut/Pois      48%        1d5       5%          1
 Passwall                 Tmut/Erth      10%        N/A       9%          2
 Poisonous Vapours        Pois/Air       24%        N/A       9%          2
 Frozen Ramparts          Ice            24%        1d4       16%         3
 Gell's Gravitas          Tloc           12%        N/A       16%         3
 Stone Arrow              Conj/Erth      24%        3d8       16%         3
 Hailstorm                Conj/Ice       12%        3d5       47%         4
 Olgreb's Toxic Radiance  Pois           12%        N/A       47%         4
 Summon Lightning Spire   Summ/Air       12%        N/A       47%         4
 Lee's Rapid Deconstruct  Erth           6%         3d7*      83%         5
 Statue Form              Tmut/Erth      8%         N/A       100%        6
 Storm Form               Tmut/Air       6%         N/A       100%        7
 Maxwell's Capacitive Co  Air            6%         ∞         100%        8


Dungeon Overview and Level Annotations

Branches:
Dungeon (12/15)            Temple (1/1) D:6            Lair (6/6) D:11
 Shoals (0/4) Lair:2        Snake (0/4) Lair:3        Slime (0/5) Lair:5
    Orc (0/2) D:9         Gauntlet (visited)

Altars:
Ashenzari
Dithmenos
Elyvilon
Fedhas
Hepliaklqana
Kikubaaqudgha
Makhleb
Nemelex Xobeh
Okawaru
Qazlal
Ru
Trog
Uskayaw
Wu Jian
Yredelemnul
Zin
Jiyva

Shops:
D:3 (   D:4 [   D:12 ?


Innate Abilities, Weirdness & Mutations

You are very small and have problems with some larger weapons.
You are too small for most types of armour.
You have supernaturally acute eyesight. (SInv)
You cover ground extremely quickly. (Speed+++)
You are partially covered in iridescent scales. (AC +2)
You possess an exceptional clarity of mind.
You expend magic power (3 MP) to strengthen your wands.


Message History

Unknown command.
Casting: Dazzling Flash (safe; 1% risk of failure)
Confirm with . or Enter, or press ? or * to list all spells.
Casting: Dazzling Flash (safe; 1% risk of failure)
Press: ? - help, Dir - look around, f - activate The catoblepas completely misses you.
Unknown command.
Casting: Dazzling Flash (safe; 1% risk of failure)
Confirm with . or Enter, or press ? or * to list all spells.
Casting: Dazzling Flash (safe; 1% risk of failure)
Press: ? - help, Dir - look around, f - activate The catoblepas gores you!
Unknown command.
Casting: Dazzling Flash (safe; 1% risk of failure)
Confirm with . or Enter, or press ? or * to list all spells.
Casting: Dazzling Flash (safe; 1% risk of failure)
Press: ? - help, Dir - look around, f - activate The catoblepas gores you.
* * * LOW HITPOINT WARNING * * *
Unknown command.
Unknown command.
You feel much better.
The catoblepas breathes a plume of calcifying dust at you.
The blast of calcifying dust hits you.
Unknown command.
Unknown command.
Casting: Dazzling Flash (safe; 1% risk of failure)
Confirm with . or Enter, or press ? or * to list all spells.
Casting: Dazzling Flash (safe; 1% risk of failure)
Press: ? - help, Dir - look around, f - activate The catoblepas gores you!!
* * * LOW HITPOINT WARNING * * *
Unknown command.
Unknown command.
Casting: Dazzling Flash (safe; 1% risk of failure)
Confirm with . or Enter, or press ? or * to list all spells.
Casting: Dazzling Flash (safe; 1% risk of failure)
Press: ? - help, Dir - look around, f - activate The catoblepas gores you!!
You die...

..#.##.........§§........#.##8.)8
...###.........#Y........#.#..(..
...##.........P.#.......♣#.#.?.†.
..............P..#.......#.##....
......[..................#..#....
.........................##.####)
.........................♣#P.P#..
................§§.§..P...###.#..
................@Y§§§..#..P##.##.
................§§§....###.♣#P.#.
................§§#.#####..♣##.#P
..............§...### ##..♣ #.##
...†.........§P.#.## ##..♣# #P÷.
.##.........§..###.####..P#####.#
.##...........## ####..#.♣#...'..
.####.....P#### ###..##P..##. ##
#.#.#.P## ##.##..P#♣.


You could see a catoblepas.

Vanquished Creatures
  Frances (D:12)
  A dire elephant (Lair:6)
  A minotaur (Gauntlet)
  Snorg (Lair:6)
  Fannar (D:12)
  Harold (D:9)
  6 boulder beetles
  11 hydras
  A catoblepas (Lair:6)
  Erica (Lair:2)
  A death yak (Lair:6)
  5 two-headed ogres
  Nergalle (Lair:1)
  Pikel (D:6)
  3 lindwurms
  3 necromancers (Lair:6)
  3 ugly things
  6 manticores
  4 black mambas
  33 elephants
  A kobold demonologist (D:10)
  15 cane toads
  An unseen horror (D:11)
  Psyche (D:8)
  Maggie (D:6)
  14 komodo dragons
  5 rime drakes
  A hornet (D:9)
  A wind drake (Lair:2)
  Grinder (D:6)
  11 blink frogs
  5 slime creatures
  A wraith (D:11)
  4 wyverns
  A shadow (D:10)
  A vampire (D:10)
  6 basilisks
  32 yaks
  3 vampire mosquitoes (D:10)
  A steam dragon (D:10)
  A death yak simulacrum (Lair:6)
  17 water moccasins
  2 hell hounds (Lair:6)
  A naga (Lair:3)
  Duvessa (D:6)
  9 orc warriors
  A sky beast (D:5)
  6 black bears
  An ogre (D:5)
  A necrophage (D:6)
  5 centaurs
  15 wolves
  2 phantoms (D:6)
  Blork the orc (D:5)
  11 bullfrogs
  4 scorpions
  Dowan (D:6)
  9 killer bees
  5 wights (D:8)
  An elephant simulacrum (Lair:6)
  10 howler monkeys
  8 electric eels
  7 centaur zombies
  3 lava snakes (Lair:5)
  2 centaur skeletons
  A gnoll shaman (D:6)
  A hound (D:6)
  4 orc priests
  2 jellies (D:5)
  5 iguanas
  21 orc wizards
  Terence (D:2)
  3 killer bee zombies
  2 hound skeletons (D:5)
  Robin (D:2)
  7 gnolls
  10 adders
  A shadow imp (D:6)
  2 white imps
  2 ufetubi
  3 worms (D:2)
  2 dart slugs
  35 orcs
  3 ball pythons
  11 endoplasms
  4 giant cockroaches
  15 goblins
  5 hobgoblins
  6 jackals (D:2)
  A quokka (D:2)
  6 bats
  2 frilled lizards
  5 kobolds
  3 rats
479 creatures vanquished.

Vanquished Creatures (collateral kills)
  4 orc warriors (D:9)
  An ogre (D:7)
  2 gnoll sergeants
  3 wights (D:8)
  A centaur zombie (D:9)
  2 orc priests (D:9)
  An iguana (D:5)
  2 orc wizards (D:9)
  A gnoll (D:6)
  An ufetubus (D:5)
  6 orcs
24 creatures vanquished.

Vanquished Creatures (others)
  A wizard (D:5)
  5 dancing weapons
  A wolf (Lair:6)
  A butterfly (D:8)
  74 fungi
  74 plants
  12 withered plants (Lair:6)
168 creatures vanquished.

Grand Total: 671 creatures vanquished

Notes
Turn   | Place    | Note
-------+----------+-------------------------------------------
     0 | D:1      | vejb the Spriggan Enchanter began the quest for the Orb.
     0 | D:1      | Reached XP level 1. HP: 9/9 MP: 5/5
   543 | D:1      | Reached XP level 2. HP: 10/13 MP: 7/7
   547 | D:1      | Learned a level 2 spell: Ensorcelled Hibernation
   659 | D:1      | You fall into a shaft and drop 1 floor!
   821 | D:2      | Found a faded altar of an unknown god.
   903 | D:1      | Reached XP level 3. HP: 16/16 MP: 6/9
   909 | D:1      | Learned a level 3 spell: Tukima's Dance
   913 | D:1      | Learned a level 3 spell: Dazzling Flash
  1763 | D:2      | Reached XP level 4. HP: 13/21 MP: 3/11
  1902 | D:2      | Noticed Terence
  1908 | D:2      | Killed Terence
  1909 | D:2      | Reached skill level 5 in Hexes
  2165 | D:2      | Noticed Robin
  2584 | D:2      | Killed Robin
  2832 | D:3      | Found Rexesuy's Weapon Emporium.
  2844 | D:3      | Reached XP level 5. HP: 24/24 MP: 10/13
  2893 | D:3      | Reached skill level 5 in Spellcasting
  3988 | D:4      | Reached skill level 5 in Stealth
  4031 | D:4      | Noticed a black bear
  4091 | D:4      | Killed a black bear
  4092 | D:4      | Reached XP level 6. HP: 26/28 MP: 7/15
  4519 | D:4      | Found Wig Noj's Armour Shoppe.
  5212 | D:5      | Entered Level 5 of the Dungeon
  5223 | D:5      | Reached skill level 6 in Stealth
  5815 | D:5      | Reached XP level 7. HP: 32/32 MP: 17/17
  5823 | D:5      | Noticed Blork the orc
  5828 | D:5      | Killed Blork the orc
  5893 | D:5      | Found an ancient bone altar of Kikubaaqudgha.
  5897 | D:5      | Reached skill level 7 in Stealth
  5986 | D:5      | Found a bloodstained altar of Trog.
  5988 | D:5      | Noticed a wizard
  5995 | D:5      | Killed a wizard
  6129 | D:5      | Noticed a two-headed ogre
  6144 | D:5      | Killed a two-headed ogre
  6145 | D:5      | Reached skill level 9 in Stealth
  6145 | D:5      | Reached XP level 8. HP: 36/36 MP: 8/20
  6568 | D:6      | Noticed Grinder
  7224 | D:6      | Reached skill level 10 in Stealth
  7958 | D:6      | Noticed Pikel
  7973 | D:6      | Killed Pikel
  7974 | D:6      | Reached skill level 11 in Stealth
  7974 | D:6      | Reached XP level 9. HP: 33/39 MP: 11/23
  7976 | D:6      | Killed Grinder
  8112 | D:6      | Noticed Duvessa
  8117 | D:6      | Noticed Dowan
  8119 | D:6      | Killed Duvessa
  8126 | D:6      | Reached skill level 10 in Hexes
  8139 | D:6      | Killed Dowan
  8458 | D:6      | Noticed Maggie
  8462 | D:6      | Killed Maggie
  8463 | D:6      | Reached skill level 12 in Stealth
  8463 | D:6      | Reached skill level 10 in Spellcasting
  8478 | D:6      | Found a staircase to the Ecumenical Temple.
  8496 | Temple   | Entered the Ecumenical Temple
  8537 | Temple   | Became a worshipper of Dithmenos the Shadowed
  9075 | D:7      | Found a broken altar of Ashenzari.
  9558 | D:7      | Reached skill level 1 in Fighting
  9840 | D:8      | Reached XP level 10. HP: 16/41 MP: 12/25
 10140 | D:8      | Reached * piety under Dithmenos
 10253 | D:8      | Noticed a two-headed ogre
 10713 | D:8      | Found a white marble altar of Elyvilon.
 11109 | D:8      | Noticed Psyche
 11116 | D:8      | Killed Psyche
 11314 | D:8      | Killed a two-headed ogre
 11442 | D:9      | Found an ornate altar of the Wu Jian Council.
 11442 | D:9      | Noticed Harold
 11446 | D:9      | Killed Harold
 11447 | D:9      | Reached skill level 5 in Dodging
 11447 | D:9      | Reached skill level 13 in Stealth
 11910 | D:9      | Noticed a boulder beetle
 12206 | D:9      | Found a runed translucent door.
 12227 | D:9      | Killed a boulder beetle
 12315 | D:9      | Found a sparkling altar of Nemelex Xobeh.
 12607 | D:8      | Found a white marble altar of Elyvilon.
 12978 | D:9      | Reached ** piety under Dithmenos
 12986 | D:9      | Reached XP level 11. HP: 37/52 MP: 14/27
 13538 | D:9      | Found a staircase to the Orcish Mines.
 14406 | D:10     | Entered Level 10 of the Dungeon
 14411 | D:10     | Reached skill level 5 in Short Blades
 14433 | D:10     | Found a stormy altar of Qazlal.
 14510 | D:10     | Reached skill level 14 in Stealth
 14510 | D:10     | Reached *** piety under Dithmenos
 14772 | D:10     | Noticed a two-headed ogre
 14781 | D:10     | Killed a two-headed ogre
 14785 | D:10     | Noticed a brown ugly thing
 14805 | D:10     | Killed a brown ugly thing
 15909 | D:10     | Found a basalt altar of Yredelemnul.
 16434 | D:11     | Noticed a four-headed hydra
 16461 | D:11     | Killed a four-headed hydra
 16589 | D:11     | Found a staircase to the Lair.
 16590 | D:11     | Noticed a boulder beetle
 16774 | D:11     | Killed a boulder beetle
 16775 | D:11     | Reached XP level 12. HP: 58/58 MP: 22/29
 16839 | D:11     | Noticed a four-headed hydra
 16846 | D:11     | Noticed a two-headed ogre
 16850 | D:11     | Killed a four-headed hydra
 16851 | D:11     | Reached skill level 15 in Stealth
 16855 | D:11     | Killed a two-headed ogre
 17170 | D:11     | Noticed a boulder beetle
 17188 | D:11     | Killed a boulder beetle
 17189 | D:11     | Reached skill level 5 in Fighting
 17588 | D:12     | Noticed a death knight
 17604 | D:12     | Noticed a five-headed hydra
 17753 | D:12     | Noticed a boulder beetle
 17757 | D:12     | Killed a boulder beetle
 17775 | D:12     | Noticed Frances
 17843 | D:12     | Noticed Fannar
 17847 | D:12     | Killed Fannar
 17861 | D:12     | Gained mutation: You possess an exceptional clarity of
                  | mind. [potion of mutation]
 17861 | D:12     | Gained mutation: You expend magic power (3 MP) to
                  | strengthen your wands. [potion of mutation]
 17861 | D:12     | Gained mutation: You are partially covered in iridescent
                  | scales. (AC +2) [potion of mutation]
 17988 | D:12     | Reached **** piety under Dithmenos
 18311 | D:12     | Noticed a two-headed ogre
 18315 | D:12     | Noticed a boulder beetle
 18317 | D:12     | Killed a two-headed ogre
 18324 | D:12     | Killed a boulder beetle
 18422 | D:12     | Killed Frances
 18537 | D:12     | Found Kinu's Magic Scroll Boutique.
 18547 | D:12     | Bought a scroll of identify for 24 gold pieces
 18547 | D:12     | Bought a scroll of enchant weapon for 90 gold pieces
 18547 | D:12     | Bought a scroll of magic mapping for 42 gold pieces
 18547 | D:12     | Bought a scroll of identify for 24 gold pieces
 18558 | D:12     | Killed a five-headed hydra
 18559 | D:12     | Reached skill level 16 in Stealth
 18915 | D:12     | HP: 2/60 [phantasmal warrior[a death knight] (28)]
 19245 | Lair:1   | Entered Level 1 of the Lair of Beasts
 19300 | Lair:1   | Reached XP level 13. HP: 58/65 MP: 29/31
 19384 | Lair:1   | Reached skill level 10 in Dodging
 19469 | Lair:1   | Noticed Nergalle
 19476 | Lair:1   | Killed Nergalle
 19998 | Lair:2   | Found a gate leading to a gauntlet.
 20008 | Gauntlet | Entered a Gauntlet
 20008 | Gauntlet | Found a transporter.
 20008 | Gauntlet | Found a transporter.
 20008 | Gauntlet | Found a transporter.
 20114 | Gauntlet | Found a transporter.
 20116 | Gauntlet | Found a transporter.
 20124 | Gauntlet | Found a transporter.
 20127 | Gauntlet | Found a transporter.
 20137 | Gauntlet | Found a transporter.
 20150 | Gauntlet | Noticed a blizzard demon
 20153 | Gauntlet | Found a transporter.
 20159 | Gauntlet | Found a transporter.
 20161 | Gauntlet | Found a transporter.
 20172 | Gauntlet | Found a transporter.
 20443 | Gauntlet | Noticed a minotaur
 20464 | Gauntlet | Killed a minotaur
 20757 | Gauntlet | Identified the +4 ring mail of Apathy {+Blink rC+ Int+4
                  | Dex-5 Stlth+}
 20759 | Gauntlet | Identified the -4 barding "Beataud" {Contam rC+ Slay+6}
 20760 | Gauntlet | Got Sif Muna's Collected Works on the Traveller
 20813 | Lair:2   | Found a staircase to the Shoals.
 20822 | Lair:2   | Noticed Erica
 20831 | Lair:2   | Killed Erica
 22051 | Lair:3   | Found a staircase to the Snake Pit.
 22675 | Lair:3   | Reached skill level 17 in Stealth
 23123 | Lair:4   | Reached ***** piety under Dithmenos
 23710 | Lair:4   | Identified a scroll of acquirement
 23710 | Lair:4   | Acquired 729 gold pieces
 23950 | Lair:4   | Reached XP level 14. HP: 61/72 MP: 25/33
 25360 | Lair:5   | Found a hide-covered altar of Uskayaw.
 25583 | Lair:5   | Found a viscous altar of Jiyva.
 25587 | Lair:5   | Found a staircase to the Slime Pits.
 25700 | Lair:6   | Entered Level 6 of the Lair of Beasts
 25700 | Lair:6   | Noticed Snorg
 25704 | Lair:6   | Killed Snorg
 25706 | Lair:6   | Reached skill level 10 in Short Blades
 26409 | Lair:6   | Reached skill level 18 in Stealth
 26723 | Lair:6   | Reached skill level 15 in Hexes
 27631 | Lair:6   | Reached skill level 15 in Spellcasting
 27986 | Lair:6   | Mangled by a catoblepas

Illustrated notes

Levels and vault maps discovered:
D:1:      pf_arrival_petrified_forest, layout_basic, kennysheep_doodads,
          minmay_misc_feat_more_columns, minmay_tetromino_i2
D:2:      layout_basic, ebering_ecumenical_altar_abandoned, uniq_robin,
          uniq_terence
D:3:      layout_rooms, serial_shops,
          nicolae_shop_temple_entry_statues_fountains, kennysheep_boxes
D:4:      layout_loops_corners, serial_shops, nicolae_inconvenience_store,
          minmay_misc_feat_chi, minivault_26, grunt_ministairs_10
D:5:      layout_cave_pools, lemuel_crystal_altar, trog_wizard,
          uniq_blork_the_orc
D:6:      minmay_flawed_box, layout_loops_cross, temple_fountains,
          kennysheep_cross_bottleneck, uniq_pikel, uniq_maggie, uniq_grinder,
          uniq_duvessa
D:7:      layout_gridville, ashenzari_altar_1, minivault_1
D:8:      layout_loops_cross, nicolae_elyvilon_peaceful_grove, uniq_psyche
D:9:      layout_small_grid, nicolae_wu_jian_wuxing_cycle, lemuel_round_altar,
          erik_orc_2, minmay_st_funbox, chequers_serial_rivers_large_a,
          uniq_harold
D:10:     minmay_slanted_spiral_squares, layout_stronghold,
          lemuel_coloured_pillars_altar, grunt_qazlal_sundering, kennysheep_nub
D:11:     layout_basic, due_lair_maze_entry_diamond
D:12:     minmay_skewed_foursquare, layout_cross, serial_shops,
          nicolae_shop_statue_plus, uniq_fannar, uniq_frances
Temple:   eino_temple_water
Lair:1:   layout_cave_pods, st_stairs_7, uniq_nergalle
Lair:2:   layout_chaotic_city, minmay_shoals_entry_beasts,
          gauntlet_entry_generic, grunt_megastairs_2, uniq_erica
Lair:3:   layout_cave_pods, guppyfry_snake_entry_island, grunt_megastairs_1,
          serial_bayou_shore_b
Lair:4:   layout_loops_ring, serial_bayou_shore_a
Lair:5:   layout_gridlike, slime_altar_1, basic_altar,
          nicolae_lair_liquid_snakes
Lair:6:   due_jungle_book, layout_cave_shapes, enter_volcano_3,
          lemuel_fruit_fields, uniq_snorg

Skill      XL: |  1  2  3  4  5  6  7  8  9 10 11 12 13 14 |
---------------+-------------------------------------------+-----
Spellcasting   | 3 4 5 6 7 9 10 11 12 13 14 15 | 15.0
Hexes          | 4 5 6 8 9 10 11 12 13 14 15 | 15.2
Stealth        | 5 6 9 11 12 13 14 16 17 18 | 18.6
Dodging        | 3 6 8 9 11 12 | 12.9
Fighting       | 1 3 4 5 7 8 |  8.1
Short Blades   | 2 4 6 8 9 10 | 10.7

Action                   |  1- 3 |  4- 6 |  7- 9 | 10-12 | 13-15 || total
-------------------------+-------+-------+-------+-------+-------++-------
Melee: Dagger            |    79 |   157 |   216 |   447 |   450 ||  1349
Throw: Dart              |       |     7 |       |       |       ||     7
 Cast: Ensorcelled Hiber |     8 |    37 |    42 |   126 |   171 ||   384
       Tukima's Dance    |       |     4 |    30 |    31 |       ||    65
       Dazzling Flash    |       |     2 |     8 |     5 |    13 ||    28
Invok: Shadow Step       |       |       |       |     1 |     1 ||     2
Evoke: Wand              |       |       |     4 |     8 |    13 ||    25
  Use: Scroll            |     5 |    11 |     7 |    11 |     4 ||    38
       Potion            |       |     2 |     5 |    11 |     4 ||    22
 Stab: Sleeping          |    16 |    36 |    36 |    80 |   144 ||   312
       Invisible         |       |     2 |     5 |     4 |     4 ||    15
       Distracted        |       |     1 |     3 |     4 |     3 ||    11
       Petrified         |       |       |       |       |     1 ||     1
Armor: Robe              |    10 |    28 |    21 |    28 |    59 ||   146
Dodge: Dodged            |    55 |   128 |   202 |   328 |   348 ||  1061
Block: Other             |       |       |     8 |    83 |    68 ||   159
       Reflection        |       |       |     2 |       |       ||     2

Table legend: (Time is in decaauts)
 A = Elapsed time spent in this place.
 B = Non-inter-level travel time spent in this place.
 C = Inter-level travel time spent in this place.
 D = Time resting spent in this place.
 E = Time spent auto-exploring this place.
 F = Levels seen in this place.
 G = Mean time per level.
                   A        B        C        D        E       F      G
               +--------+--------+--------+--------+--------+-----+--------+
         Total |  21993 |  21484 |    509 |   5924 |  11544 |  20 | 1099.7 |
       Dungeon |  15258 |  14889 |    369 |   3769 |   8389 |  12 | 1271.5 |
        Temple |     42 |     32 |     10 |      0 |     19 |   1 |   42.0 |
          Lair |   6028 |   5899 |    129 |   1772 |   2965 |   6 | 1004.7 |
      Gauntlet |    664 |    664 |      0 |    382 |    170 |   1 |  664.0 |
               +--------+--------+--------+--------+--------+-----+--------+

Top non-repeatable levels by time:
     D:9: 1966 daAuts
     D:6: 1962 daAuts
     D:8: 1775 daAuts
  Lair:5: 1649 daAuts
    D:10: 1514 daAuts
     D:4: 1453 daAuts
    D:11: 1333 daAuts
     D:2: 1213 daAuts
  Lair:4: 1166 daAuts
  Lair:6: 1154 daAuts
  Lair:3: 1071 daAuts
    D:12: 1036 daAuts
     D:1: 1011 daAuts
     D:5: 816 daAuts
     D:3: 677 daAuts
